 Dungeon Crawl Stone Soup version 0.21-a0-401-g0b6bec4 (webtiles) character file.

86 Drevant the Firebug (level 4, -9/33 HPs)
             Began as a Draconian Fire Elementalist on Oct 22, 2017.
             Mangled by EvilAshe's ghost (11 damage)
             ... on level 3 of the Dungeon.
             The game lasted 00:05:59 (2061 turns).

Drevant the Firebug (Draconian Fire Elementalist)   Turns: 2061, Time: 00:06:00

Health: -9/33      AC:  5    Str: 10    XL:     4   Next: 27%
Magic:  7/7        EV: 12    Int: 17    God:
Gold:   90         SH:  0    Dex: 11    Spells: 3/7 levels left

rFire    . . .     SeeInvis .   e - +0 dagger
rCold    . . .     Gourm    .   (no shield)
rNeg     . . .     Faith    .   (armour unavailable)
rPois    .         Spirit   .   (helmet restricted)
rElec    .         Reflect  .   (no cloak)
rCorr    .         Harm     .   (no gloves)
MR       .....                  (no boots)
Stlth    +.........             (no amulet)
HPRegen  0.11/turn              (no ring)
MPRegen  0.10/turn              (no ring)

@: glowing
A: unfitting armour, cold-blooded, AC +5
a: no special abilities


You were on level 3 of the Dungeon.
You were not hungry.

You visited 1 branch of the dungeon, and saw 3 of its levels.

You collected 90 gold pieces.

Inventory:

Hand Weapons
 e - a +0 dagger (weapon)
Jewellery
 i - a cursed ring of teleportation {unknown}
 p - a cursed ring of loudness {unknown}
Scrolls
 f - a scroll of noise {unknown}
 h - a scroll of remove curse {unknown}
 j - 2 scrolls of identify {unknown}
 k - 2 scrolls of teleportation {unknown}
 n - a scroll of magic mapping {unknown}
 t - a scroll of random uselessness {unknown}
 v - a scroll of enchant weapon {unknown}
 w - a scroll of blinking {unknown}
Potions
 c - 2 potions of heal wounds {unknown}
 d - 2 potions of agility {unknown}
 g - 3 potions of brilliance {unknown}
 l - a potion of ambrosia {unknown}
 m - 2 potions of curing {unknown}
 r - a potion of degeneration {unknown}
 s - 2 potions of haste {unknown}
 u - a potion of mutation {unknown}
Books
 a - a book of Flames

   Spells                             Type                      Level
   a - Flame Tongue                   Conjuration/Fire             1
   b - Throw Flame                    Conjuration/Fire             2
   c - Conjure Flame                  Conjuration/Fire             3
   d - Inner Flame                    Hexes/Fire                   3
   e - Sticky Flame                   Conjuration/Fire             4
   f - Fireball                       Conjuration/Fire             5
Comestibles
 b - 2 bread rations
 o - 4 fruits
 q - a royal jelly
 x - 3 chunks of flesh


   Skills:
 + Level 2.4 Dodging
 - Level 2.0 Stealth
 - Level 2.1 Spellcasting
 + Level 2.1 Conjurations
 * Level 4.1 Fire Magic


You had 3 spell levels left.
You knew the following spells:

 Your Spells              Type           Power        Failure   Level  Hunger
a - Flame Tongue          Conj/Fire      ##...        5%          1    #......
b - Conjure Flame         Conj/Fire      ##......     16%         3    ###....


Dungeon Overview and Level Annotations

Branches:
Dungeon (3/15)

Altars:
Trog

Annotations:
D:2 Sigmund
D:3 EvilAshe's ghost, amateur FeEn


Innate Abilities, Weirdness & Mutations

Your plain brown scales are hard. (AC +5)
You cannot fit into any form of body armour.
You are cold-blooded and may be slowed by cold attacks.


Message History

A hobgoblin comes into view. It is wielding a club.
The hobgoblin shouts!
Found 7 gold pieces.
EvilAshe's ghost casts a spell at you.
You fall asleep.
Found a stone staircase leading down.
An orc comes into view. It is wielding a flail.
EvilAshe's ghost hits you!!
You wake up.
Ouch! That really hurt!
You're too confused to move!
You feel less confused. EvilAshe's ghost hits you.
* * * LOW HITPOINT WARNING * * *
The hobgoblin hits you but does no damage.
The hobgoblin barely misses you. EvilAshe's ghost hits you!
* * * LOW HITPOINT WARNING * * *
There is a stone staircase leading up here.
The hobgoblin hits you but does no damage.
EvilAshe's ghost hits you!
You die...

#..# .# #..# #...#
###..# #...# .....###
#...# #..<...# #.$.# ##
#.##.#.#######...####...
#.##.#.#...............#
#.......................
#.#..#.........g@...$..#
# #..#..######.W.####>##
........# #...#
#.#.##..# #.o.# #...
...# #...# #$.....##
#...# ###.#### #...# ..
##.##


You could see EvilAshe's ghost, an orc and a hobgoblin.

Vanquished Creatures
  2 adders (D:2)
  3 oozes
  2 worms (D:2)
  A dart slug (D:2)
  2 leopard geckos
  2 giant cockroaches (D:2)
  8 goblins
  2 hobgoblins
  7 jackals (D:1)
  2 bats
  9 frilled lizards
  3 kobolds (D:2)
  4 rats
47 creatures vanquished.

Notes
Turn   | Place    | Note
-------+----------+-------------------------------------------
     0 | D:1      | Drevant the Draconian Fire Elementalist began the quest for the Orb.
     0 | D:1      | Reached XP level 1. HP: 14/14 MP: 3/3
   318 | D:1      | Reached XP level 2. HP: 18/20 MP: 0/5
   906 | D:2      | Reached XP level 3. HP: 26/26 MP: 2/6
  1015 | D:2      | Learned a level 3 spell: Conjure Flame
  1294 | D:2      | Found a bloodstained altar of Trog.
  1460 | D:2      | Reached XP level 4. HP: 27/33 MP: 1/7
  1481 | D:2      | Reached skill level 4 in Fire Magic
  1904 | D:2      | Noticed Sigmund
  2014 | D:3      | Noticed EvilAshe's ghost (amateur FeEn)
  2061 | D:3      | Mangled by EvilAshe's ghost

Vault maps used:
D:1:      lightli_arrival_noodles
D:2:      nicolae_overflow_hidden_temple, first_bread, minmay_lizard_pond,
          uniq_sigmund

Skill      XL: |  1  2  3  4 |
---------------+-------------+-----
Dodging        | 2 |  2.4
Stealth        | 2 |  2.0
Conjurations   | 2 |  2.1
Fire Magic     | 4 |  4.1
Spellcasting   | |  2.1

Action                   |  1- 3 |  4- 6 || total
-------------------------+-------+-------++-------
Melee: Unarmed           |    25 |       ||    25
       Tailslap          |     6 |     2 ||     8
       Dagger            |    38 |    19 ||    57
 Cast: Flame Tongue      |    53 |    14 ||    67
 Stab: Sleeping          |     2 |       ||     2
  Eat: Chunk             |     3 |     2 ||     5
Armor: Skin              |    45 |     7 ||    52
Dodge: Dodged            |    63 |    13 ||    76

Table legend:
 A = Spawn XP
 B = Non-spawn XP
 C = Spawn XP percentage of total XP
 D = Spawn monster count
 E = Non-spawn monster count
 F = Spawn count percentage of total count
 G = Total turns spent on level
                    A         B        C        D         E        F      G
               +---------+---------+-------+---------+---------+-------+---------
         Total |       0 |     124 |   0.0 |       0 |      47 |   0.0 |  2061
               +---------+---------+-------+---------+---------+-------+---------
           D:1 |       0 |      38 |   0.0 |       0 |      17 |   0.0 |  1057
           D:2 |       0 |      79 |   0.0 |       0 |      26 |   0.0 |   914
           D:3 |       0 |       7 |   0.0 |       0 |       4 |   0.0 |    90
               +---------+---------+-------+---------+---------+-------+---------
